 Dungeon Crawl Stone Soup version 0.31-a0-365-gcf821cafb2 (webtiles) character file.

Game seed: 17274900741445072044

1252 spiderkeys the Trooper (level 8, -1/57 HPs)
             Began as an Octopode Wanderer on July 27, 2023.
             Slain by Maggie
             ... wielding a +2 broad axe of distortion
              (5 damage)
             ... on level 6 of the Dungeon.
             The game lasted 00:10:59 (5164 turns).

spiderkeys the Trooper (Octopode Wanderer)          Turns: 5164, Time: 00:10:59

Health: -1/57      AC:  1    Str:  9    XL:     8   Next: 51%
Magic:  9/11       EV: 13    Int: 17    God:
Gold:   264        SH:  0    Dex: 13    Spells: 8/11 levels left

rFire   . .          .
                       - Unarmed
rCold   . . .        (no shield)
rNeg    . . .        (helmet currently unavailable)
rPois   .            (no amulet)
rElec   .            s - ring of willpower
rCorr   .            (no ring)
SInv    .            (no ring)
Will    +....        (no ring)
Stlth   ++           (no ring)
HPRegen 0.29/turn    (no ring)
MPRegen 0.12/turn    (no ring)
                     (no ring)

%: no passive effects
@: beast-form, mesmerised
A: beast (slay +2), almost no armour, amphibious, 8 rings, camouflage 1,
gelatinous body 1, (nimble swimmer 1), tentacles
a: Begin Untransformation


You were on level 6 of the Dungeon.
You were a hulking beast.
You visited 1 branch of the dungeon, and saw 6 of its levels.

You collected 330 gold pieces.
You spent 66 gold pieces at shops.


Innate Abilities, Weirdness & Mutations

You are a hulking beast.
Your limbs bulge with bestial killing power. (Slay +2)
You cannot wear most types of armour.
You are amphibious.
You can wear up to eight rings at the same time.
Your skin changes colour to match your surroundings (Stealth+).
Your rubbery body absorbs attacks. (AC +1, EV +1)
((You are camouflaged when in or above water. (Stealth+)))
You have tentacles for arms and can constrict up to eight enemies at once.


   Skills:
 + Level 5.9 Fighting
 - Level 2.1 Throwing
 + Level 2.0 Dodging
 - Level 5.0 Unarmed Combat
 - Level 2.1 Spellcasting
 - Level 4.5 Conjurations
 + Level 4.0 Shapeshifting


You had 8 spell levels left.
You knew the following spells:

 Your Spells              Type           Power      Damage    Failure   Level
f - Foxfire               Conj/Fire      36%        2x1d5     8%          1
s - Searing Ray           Conj           34%        2d5       4%          2

Your spell library contained the following spells:

 Spells                   Type           Power      Damage    Failure   Level
 Magic Dart               Conj           68%        1d6       3%          1
 Cigotuvi's Dreadful Rot  Necr/Pois/Air  2%         N/A       28%         2
 Mephitic Cloud           Conj/Pois/Air  6%         N/A       30%         3
 Ignite Poison            Fire/Tmut/Pois 1%         N/A       50%         3
 Fulminant Prism          Conj/Hex       4%         3d5       58%         4
 Iskenderun's Mystic Bla  Conj/Tloc      9%         2d4       58%         4
 Freezing Cloud           Conj/Ice/Air   3%         6-21      96%         5

Inventory:

Hand Weapons
 a - a +0 dagger
 i - a +2 dagger of draining
   (You took it off a goblin on level 1 of the Dungeon)
Missiles
 h - 49 stones
 k - 6 atropa-tipped darts
 v - 8 poisoned darts
Jewellery
 s - a ring of willpower (left tentacle)
   (You found it on level 3 of the Dungeon)
 Z - a ring of wizardry
   (You found it on level 6 of the Dungeon)
Talismans
 m - a beast talisman
   (You found it on level 2 of the Dungeon)
Wands
 y - a wand of flame (7)
   (You found it on level 5 of the Dungeon)
Scrolls
 c - 2 scrolls of fog
 d - 2 scrolls of silence {!r}
 e - 3 scrolls of poison {!r}
 f - a scroll of summoning {unknown}
 g - a scroll of blinking {!r}
 j - 2 scrolls of enchant armour
 p - 3 scrolls of enchant weapon
Potions
 b - 3 potions of curing {@q1}
 l - 2 potions of attraction {unknown}
 n - 2 potions of brilliance
 o - 2 potions of haste {unknown}
 q - 2 potions of degeneration {unknown}
 r - 3 potions of enlightenment
 t - 3 potions of heal wounds {@q2}
 u - a potion of invisibility
 w - a potion of mutation {unknown}
 x - a potion of ambrosia {unknown}

Dungeon Overview and Level Annotations

Branches:
Dungeon (6/15) Zot: 26447
 Temple: D:4-7

Altars:
Zin

Shops:
D:3 [?*

Annotations:
D:6 Maggie

.# .. .. #####
####.
#...##########...#.
#................#.
#..@.............##
#.h................
#..................
#..................
#..................
#########...##.####
#...##+####
#.......'..
#.......#..
#.......#..


You could see Maggie (mesmerising).


Message History

Your Dodging skill increases to level 2!
Your Shapeshifting skill increases to level 4! 😕 HP[-3]
You take 3 damage, and now have 45/57 hp.
No target in view!
You are now empty-tentacled.
Unknown command.
You feel sick.
You feel sick.
You feel sick.
You feel sick.
You feel sick.
You feel sick.
You feel sick.
You are no longer poisoned.
Maggie the Vainglorious comes into view.
She is wielding a +2 broad axe of distortion. 😎 HP[+12]
Your hp is fully restored (57).
The helpless Maggie fails to defend herself.
You tentacle-slap Maggie. You grab Maggie.
You constrict Maggie, but do no damage.
Maggie mumbles some strange words.
Maggie attempts to bespell you!
You are mesmerised by Maggie!
You tentacle-slap Maggie but do no damage.
You constrict Maggie. Maggie completely misses you.
You barely miss Maggie. You constrict Maggie, but do no damage.
Maggie closely misses you.
You tentacle-slap Maggie but do no damage.
You constrict Maggie.
Maggie casts a spell.
Maggie draws you further into her thrall.
You tentacle-slap Maggie. You squeeze Maggie!
You constrict Maggie, but do no damage.
Maggie hits you with a +2 broad axe of distortion!
You blink.
You lose your grip on Maggie. 😕 HP[-8]
You take 8 damage, and now have 49/57 hp.
Okay, then.
Casting: Foxfire (safe; 8% risk of failure)
Confirm with . or Enter, or press ? or * to list all spells.
Aiming: Searing Ray (safe; 4% risk of failure)
Press: ? - help, Shift-Dir - straight line, f - Maggie
Aim: Maggie, wielding a +2 broad axe of distortion and wearing +0 steam dragon scales (moderately wounded, mesmerising, 78% to hit)
The searing ray hits Maggie but does no damage. (Press . to maintain the ray.) 😕 MP[-2]
You lost 2 mp, and now have 9/11 mp.
The searing ray hits Maggie.
Maggie mutters to herself, "Master Lance won't take me back.
This is the way forward."
Maggie misses you. 😕 HP[+1] MP[-1]
You lost 1 mp, and now have 8/11 mp.
You tentacle-slap Maggie. You grab Maggie.
You constrict Maggie, but do no damage.
Maggie casts a spell.
Maggie draws you further into her thrall.
You tentacle-slap Maggie. You constrict Maggie, but do no damage.
Maggie hits you with a +2 broad axe of distortion!
You blink.
You lose your grip on Maggie. 😮 HP[-9]
You take 9 damage, and now have 41/57 hp.
Maggie casts a spell.
Maggie draws you further into her thrall. 😮 HP[+1] Maggie barely misses you.
You tentacle-slap Maggie but do no damage.
You grab Maggie. You squeeze Maggie, but do no damage.
You constrict Maggie, but do no damage. Maggie closely misses you.
You tentacle-slap Maggie but do no damage.
You constrict Maggie, but do no damage.
You tentacle-slap Maggie but do no damage.
You constrict Maggie.
Maggie closely misses you. 😕 HP[+1] MP[+1]
You barely miss Maggie. You constrict Maggie.
Maggie hits you with a +2 broad axe of distortion!
Space warps around you.
* * * LOW HITPOINT WARNING * * *
😨 HP[-15]
You take 15 damage, and now have 28/57 hp.
MASSIVE DAMAGE!! (PAUSE)
You barely miss Maggie. You squeeze Maggie, but do no damage.
You constrict Maggie. Maggie barely misses you.
You tentacle-slap Maggie but do no damage.
You squeeze Maggie. You constrict Maggie.
Maggie hits you with a +2 broad axe of distortion!
* * * LOW HITPOINT WARNING * * *
Space warps horribly around you!
* * * LOW HITPOINT WARNING * * *
😱 HP[-17]
You take 17 damage, and now have 11/57 hp.
MASSIVE DAMAGE!! (PAUSE)
You tentacle-slap Maggie but do no damage.
You squeeze Maggie! You constrict Maggie, but do no damage.
Maggie hits you with a +2 broad axe of distortion!
* * * LOW HITPOINT WARNING * * *
Space warps around you.
You die...

Skill      XL: |  1  2  3  4  5  6  7  8 |
---------------+-------------------------+-----
Unarmed Combat | 2 3 5 |  5.0
Spellcasting   | 2 |  2.1
Fighting       | 3 4 5 |  5.9
Shapeshifting  | 1 2 3 4 |  4.0
Dodging        | 2 |  2.0
Throwing       | |  2.1
Conjurations   | |  4.5

Action                     |  1- 3 |  4- 6 |  7- 9 || total
---------------------------+-------+-------+-------++-------
  Melee: Dagger            |    50 |    92 |    66 ||   208
         Constrict         |    14 |    22 |    15 ||    51
         Tentacles         |     7 |    19 |    19 ||    45
         Punch             |     1 |     3 |     4 ||     8
         Unarmed           |       |       |    14 ||    14
   Cast: Foxfire           |     3 |       |       ||     3
         Searing Ray       |       |       |     1 ||     1
  Evoke: Wand              |       |       |     3 ||     3
    Use: Scroll            |       |     9 |       ||     9
   Stab: Sleeping          |     6 |    10 |     6 ||    22
 Armour: Skin              |     7 |     2 |     4 ||    13
  Dodge: Dodged            |    19 |    44 |    40 ||   103
   Form: Beast             |       |     1 |       ||     1

Levels and vault maps discovered:
D:1:      dpeg_arrival_court, layout_rooms, minmay_misc_feat_encased
D:2:      layout_basic, uniq_jessica, uniq_crazy_yiuf_cottage
D:3:      layout_basic, zin_treasury, serial_shops, shop,
          nicolae_shop_tiny_glass, nicolae_shop_overgrown_old_shop
D:4:      layout_basic, uniq_eustachio
D:5:      layout_loops_cross, minmay_misc_feat_four_crosses
D:6:      layout_gridville, uniq_maggie, uniq_sigmund

Notes
Turn   | Place    | Note
-------+----------+-------------------------------------------
     0 | D:1      | spiderkeys the Octopode Wanderer began the quest for the
                  | Orb.
     0 | D:1      | spiderkeys set off with the following items: a +0 dagger, a
                  | potion of curing {@q1}, a scroll of fog, a scroll of
                  | silence {!r}; and the following spell memorised: Foxfire;
                  | and the following spells available to memorise: Mephitic
                  | Cloud, Iskenderun's Mystic Blast.
     0 | D:1      | Reached XP level 1. HP: 14/14 MP: 2/2
     0 | D:1      | magus.rc [v1.11.6]
   147 | D:1      | Reached XP level 2. HP: 17/17 MP: 3/3
   485 | D:1      | Reached XP level 3. HP: 24/24 MP: 5/5
   700 | D:2      | Noticed Jessica
   707 | D:2      | Killed Jessica
   708 | D:2      | Reached XP level 4. HP: 27/30 MP: 6/6
   828 | D:2      | Reached skill level 2 in Unarmed Combat
   833 | D:2      | Reached skill level 2 in Spellcasting
  1162 | D:2      | Reached skill level 3 in Fighting
  1227 | D:2      | You add the spells Cigotuvi's Dreadful Rot, Ignite Poison
                  | and Freezing Cloud to your library.
  1323 | D:2      | Reached XP level 5. HP: 36/36 MP: 8/8
  1540 | D:2      | Found a runed translucent door.
  1541 | D:2      | Noticed Crazy Yiuf
  1815 | D:2      | Killed Crazy Yiuf
  2010 | D:3      | Found Teykkul's Antique Armour Emporium.
  2124 | D:3      | Found Otinujy's Magic Scroll Shop.
  2176 | D:3      | Found Otaij's Assorted Antiques.
  2184 | D:3      | Bought a scroll labelled NUOGUY ETOEMU for 24 gold pieces
  2184 | D:3      | Bought a black potion for 21 gold pieces
  2184 | D:3      | Bought an emerald potion for 21 gold pieces
  2561 | D:3      | Found a glowing silver altar of Zin.
  2850 | D:4      | Noticed Eustachio
  2858 | D:4      | Killed Eustachio
  2859 | D:4      | Reached skill level 3 in Unarmed Combat
  2859 | D:4      | Reached skill level 1 in Shapeshifting
  2859 | D:4      | Reached XP level 6. HP: 22/43 MP: 9/9
  3051 | D:4      | Reached skill level 4 in Fighting
  3143 | D:4      | Reached skill level 2 in Shapeshifting
  3293 | D:4      | Reached XP level 7. HP: 31/48 MP: 10/10
  3706 | D:5      | Entered Level 5 of the Dungeon
  3748 | D:5      | Reached skill level 4 in Unarmed Combat
  4280 | D:5      | Reached skill level 5 in Fighting
  4280 | D:5      | Reached skill level 3 in Shapeshifting
  4611 | D:6      | Noticed Sigmund
  4620 | D:6      | Killed Sigmund
  4621 | D:6      | Reached skill level 5 in Unarmed Combat
  4621 | D:6      | Reached XP level 8. HP: 33/56 MP: 11/11
  4701 | D:6      | You add the spells Magic Dart, Searing Ray and Fulminant
                  | Prism to your library.
  4719 | D:5      | Learned a level 2 spell: Searing Ray
  4903 | D:6      | Reached skill level 1 in Dodging
  5071 | D:6      | Reached skill level 2 in Dodging
  5071 | D:6      | Reached skill level 4 in Shapeshifting
  5140 | D:6      | Noticed Maggie
  5163 | D:6      | HP: 11/57 [Maggie/+2 broad axe of distortion (10)]
  5164 | D:6      | HP: 4/57 [Maggie/+2 broad axe of distortion (8)]
  5164 | D:6      | Slain by Maggie

Vanquished Creatures
  Sigmund (D:6)
  Eustachio (D:4)
  A water moccasin (D:6)
  An ogre (D:5)
  A centaur (D:6)
  A phantom (D:5)
  2 scorpions
  A jelly (D:2)
  5 hounds
  Crazy Yiuf (D:2)
  Jessica (D:2)
  3 iguanas
  5 adders
  3 gnolls (D:4)
  A shadow imp (D:6)
  3 worms
  5 dart slugs
  2 orcs
  A ball python (D:1)
  2 endoplasms
  4 giant cockroaches (D:1)
  8 hobgoblins
  4 quokkas
  A bat (D:1)
  A frilled lizard (D:3)
  8 goblins
  8 kobolds
  10 rats
85 creatures vanquished.

Vanquished Creatures (others)
  6 foxfires (D:1)
6 creatures vanquished.

Grand Total: 91 creatures vanquished

Table legend:
 A = Non-vault XP
 B = Vault XP
 C = Vault XP percentage of total XP
 D = Non-vault monster count
 E = Vault monster count
 F = Vault count percentage of total count
                 A         B        C        D         E       F
            +---------+---------+-------+---------+---------+-------
      Total |    1265 |     524 |  29.3 |      81 |       4 |   4.7
            +---------+---------+-------+---------+---------+-------
        D:1 |      43 |       0 |   0.0 |      23 |       0 |   0.0
        D:2 |      98 |      78 |  44.3 |      23 |       2 |   8.0
        D:3 |       7 |       0 |   0.0 |       3 |       0 |   0.0
        D:4 |     248 |     203 |  45.0 |      17 |       1 |   5.6
        D:5 |     457 |       0 |   0.0 |       9 |       0 |   0.0
        D:6 |     412 |     243 |  37.1 |       6 |       1 |  14.3
            +---------+---------+-------+---------+---------+-------

Skill      XL: |  1  2  3  4  5  6  7  8 |
---------------+-------------------------+-----
Unarmed Combat | 2 3 5 |  5.0
Spellcasting   | 2 |  2.1
Fighting       | 3 4 5 |  5.9
Shapeshifting  | 1 2 3 4 |  4.0
Dodging        | 2 |  2.0
Throwing       | |  2.1
Conjurations   | |  4.5

Action                     |  1- 3 |  4- 6 |  7- 9 || total
---------------------------+-------+-------+-------++-------
  Melee: Dagger            |    50 |    92 |    66 ||   208
         Constrict         |    14 |    22 |    15 ||    51
         Tentacles         |     7 |    19 |    19 ||    45
         Punch             |     1 |     3 |     4 ||     8
         Unarmed           |       |       |    14 ||    14
   Cast: Foxfire           |     3 |       |       ||     3
         Searing Ray       |       |       |     1 ||     1
  Evoke: Wand              |       |       |     3 ||     3
    Use: Scroll            |       |     9 |       ||     9
   Stab: Sleeping          |     6 |    10 |     6 ||    22
 Armour: Skin              |     7 |     2 |     4 ||    13
  Dodge: Dodged            |    19 |    44 |    40 ||   103
   Form: Beast             |       |     1 |       ||     1

Illustrated notes

Table legend:
 A = Kills in this place as a percentage of kills in the entire game.
 B = Kills by you in this place as a percentage of kills by you in the entire game.
 C = Kills by friends in this place as a percentage of kills by friends in the entire game.
 D = Other kills in this place as a percentage of other kills in the entire game.
 E = Experience gained in this place as a percentage of experience gained in the entire game.
 F = Experience gained in this place divided by the number of levels of this place that you have seen.
                   A       B       C       D       E      F
               +-------+-------+-------+-------+-------+----------------------
         Total | 100.0 | 100.0 |   N/A |   N/A | 100.0 | 298.2
       Dungeon | 100.0 | 100.0 |   N/A |   N/A | 100.0 | 298.2
               +-------+-------+-------+-------+-------+----------------------

Table legend: (Time is in decaauts)
 A = Elapsed time spent in this place.
 B = Non-inter-level travel time spent in this place.
 C = Inter-level travel time spent in this place.
 D = Time resting spent in this place.
 E = Time spent auto-exploring this place.
 F = Levels seen in this place.
 G = Mean time per level.
                   A        B        C        D        E       F      G
               +--------+--------+--------+--------+--------+-----+--------+
         Total |   5160 |   4942 |    218 |      5 |   4275 |   6 |  860.0 |
       Dungeon |   5160 |   4942 |    218 |      5 |   4275 |   6 |  860.0 |
               +--------+--------+--------+--------+--------+-----+--------+

Top non-repeatable levels by time:
     D:2: 1298 daAuts
     D:4: 978 daAuts
     D:5: 910 daAuts
     D:3: 759 daAuts
     D:1: 667 daAuts
     D:6: 546 daAuts
